 Dungeon Crawl Stone Soup version 0.30-b1-2-g02819fbbbe (webtiles) character file.

Game seed: 12124660133279243128

63 raph the Firebug (level 4, -5/24 HPs)
             Began as a Gargoyle Fire Elementalist on Dec 9, 2023.
             Slain by Sigmund
             ... wielding a +1 scythe of venom
              (11 damage)
             ... on level 2 of the Dungeon.
             The game lasted 00:02:20 (1404 turns).

raph the Firebug (Gargoyle Fire Elementalist)       Turns: 1404, Time: 00:02:20

Health: -5/24      AC:  6    Str: 11    XL:     4   Next: 10%
Magic:  2/7        EV: 12    Int: 18    God:
Gold:   103        SH:  0    Dex: 10    Spells: 1/7 levels left

rFire   . . .        e - +0 flail
rCold   . . .        (no shield)
rNeg    + . .        a - +0 robe
rPois   ∞            (no helmet)
rElec   +            i - +0 cloak
rCorr   .            (no gloves)
SInv    .            (no boots)
Will    .....        (no amulet)
Stlth   ++           (no ring)
HPRegen 0.24/turn    (no ring)
MPRegen 0.10/turn

%: no passive effects
@: no status effects
A: sickness immunity, AC +3, negative energy resistance 1, electricity
resistance, torment resistance 1, petrification resistance
a: no special abilities


You were on level 2 of the Dungeon.
You visited 1 branch of the dungeon, and saw 2 of its levels.

You collected 103 gold pieces.

Inventory:

Hand Weapons
 e - a +0 flail (weapon)
Armour
 a - a +0 robe (worn)
 i - a +0 cloak (worn)
Jewellery
 d - a ring of wizardry
Scrolls
 c - a scroll of poison {unknown}
 h - a scroll of identify {unknown}
 k - a scroll of enchant weapon {unknown}
Potions
 b - a potion of magic
 f - a potion of haste {unknown}
 g - 2 potions of curing {unknown}
 j - a potion of flight {unknown}


   Skills:
 + Level 1.9 Dodging
 + Level 2.7 Stealth
 + Level 2.2 Spellcasting
 * Level 2.4 Conjurations
 * Level 3.6 Fire Magic


You had one spell level left.
You knew the following spells:

 Your Spells              Type           Power      Damage    Failure   Level
a - Foxfire               Conj/Fire      52%        2x1d6     4%          1
b - Scorch                Fire           30%        2d6       6%          2
c - Inner Flame           Hex/Fire       8%         N/A       26%         3

Your spell library contained the following spells:

 Spells                   Type           Power      Damage    Failure   Level
 Volatile Blastmotes      Fire/Tloc      16%        2d11      26%         3
 Flame Wave               Conj/Fire      13%        2d6       45%         4


Dungeon Overview and Level Annotations

Branches:
Dungeon (2/15)

Altars:

Shops:
D:2 [

Annotations:
D:2 Sigmund


Innate Abilities, Weirdness & Mutations

You are immune to sickness and miasma.
Your stone body is resilient. (AC +3)
You are immune to poison.
You resist negative energy. (rN+)
You are resistant to electric shocks. (rElec)
You are resistant to unholy torment.
You are immune to petrification.


Message History

The dart slug is heavily wounded.
The foxfire hits the dart slug.
The dart slug is severely wounded.
Casting: Foxfire (safe; 4% risk of failure)
Confirm with . or Enter, or press ? or * to list all spells.
You conjure some foxfire!
The foxfire hits the dart slug.
You kill the dart slug!
Your foxfire dissipates!
You start resting.
Your foxfire dissipates! x2
You start resting.
Magic restored.
You can access your shopping list by pressing '$'.
Okay, then.
You can access your shopping list by pressing '$'.
You see here a frilled lizard corpse.
Sigmund the Dreaded comes into view.
He is wielding a +1 scythe of venom and wearing a +2 robe of the Archmagi.
Casting: Foxfire (safe; 4% risk of failure)
Confirm with . or Enter, or press ? or * to list all spells.
You can't see any susceptible monsters within range! (Use Z to cast anyway.) Sigmund gestures wildly while chanting.
Sigmund flickers and vanishes!
Deactivating autopickup; reactivate with Ctrl-A.
Casting: Foxfire (safe; 4% risk of failure)
Confirm with . or Enter, or press ? or * to list all spells.
You can't see any susceptible monsters within range! (Use Z to cast anyway.)
Casting: Foxfire (safe; 4% risk of failure)
Confirm with . or Enter, or press ? or * to list all spells.
Flames lash something.
Something hits you!
Casting: Scorch (safe; 6% risk of failure)
Confirm with . or Enter, or press ? or * to list all spells.
You conjure some foxfire!
Casting: Foxfire (safe; 4% risk of failure)
Confirm with . or Enter, or press ? or * to list all spells.
You conjure some foxfire!
Something hits you!
* * * LOW HITPOINT WARNING * * *
Casting: Foxfire (safe; 4% risk of failure)
Confirm with . or Enter, or press ? or * to list all spells.
You conjure some foxfire!
The foxfire hits something. x3; Something hits you!
You die...

....### #.##.#
...## ..##.#
..## ####.###
.## ## #...# .#
. ###.########
.# #.
#...........
.####
##.##.#.#######.
....# #..§#v#.#
###.# #§@v#.#
#.# #....v.{#.#
#.# #...#+#....#
#.# #.. ##...#
#.# # ###...#
#.# ...# #.#
.#.# ###.# .#.#
....# ...#+# #.#


There were no monsters in sight!

Vanquished Creatures
  Terence (D:2)
  A dart slug (D:2)
  5 bats
  3 endoplasms (D:1)
  A giant cockroach (D:1)
  2 hobgoblins (D:1)
  4 jackals (D:1)
  3 quokkas
  3 ball pythons (D:2)
  A frilled lizard (D:2)
  4 goblins
  4 kobolds
  A rat (D:2)
33 creatures vanquished.

Vanquished Creatures (others)
  99 foxfires
99 creatures vanquished.

Grand Total: 132 creatures vanquished

Notes
Turn   | Place    | Note
-------+----------+-------------------------------------------
     0 | D:1      | raph the Gargoyle Fire Elementalist began the quest for the
                  | Orb.
     0 | D:1      | Reached XP level 1. HP: 10/10 MP: 3/3
   152 | D:1      | Reached XP level 2. HP: 15/15 MP: 1/5
   558 | D:1      | Learned a level 2 spell: Scorch
   633 | D:1      | Reached XP level 3. HP: 19/19 MP: 3/6
   637 | D:1      | Learned a level 3 spell: Inner Flame
   943 | D:2      | Found Zagib's Antique Armour Emporium.
   960 | D:2      | Noticed Terence
  1109 | D:2      | Killed Terence
  1110 | D:2      | Reached XP level 4. HP: 24/24 MP: 0/7
  1397 | D:2      | Noticed Sigmund
  1404 | D:2      | Slain by Sigmund

Illustrated notes

Levels and vault maps discovered:
D:1:      scummos_arrival_checkerplants, layout_rooms
D:2:      layout_loops_ring, serial_shops, shop_coins,
          nicolae_shop_real_fake_doors,
          dreamdust_ecumenical_altar_hidden_monk_grotto, uniq_sigmund,
          uniq_terence

Skill      XL: |  1  2 |
---------------+-------+-----
Conjurations   | 2 |  2.4
Dodging        | |  1.9
Stealth        | |  2.7
Spellcasting   | |  2.2
Fire Magic     | |  3.6

Action                     |  1- 3 |  4- 6 || total
---------------------------+-------+-------++-------
  Melee: Unarmed           |     3 |       ||     3
         Flail             |     6 |       ||     6
   Cast: Foxfire           |    49 |    12 ||    61
         Scorch            |     3 |     1 ||     4
 Armour: Robe              |    12 |     1 ||    13
  Dodge: Dodged            |    13 |     3 ||    16
